 Dungeon Sprint DCSS version 0.26-a0-639-g72c4674329 (webtiles) character file.

Game seed: 9438150182943126500

62366 HoaS the Wrestler (level 15, -6/167 HPs)
             Began as a Ghoul Gladiator on Sept 18, 2020.
             Was the Champion of Makhleb.
             Killed by the air
             ... invoked by a spriggan air mage
              (17 damage)
             ... in the Dungeon (Sprint V: "Ziggurat Sprint").
             The game lasted 00:28:24 (2057 turns).

HoaS the Wrestler (Ghoul Gladiator)                 Turns: 2057, Time: 00:28:25

Health: -6/167     AC: 40    Str: 21    XL:     15   Next: 6%
Magic:  14/14      EV: 23    Int:  6    God:    Makhleb [******]
Gold:   0          SH:  0    Dex: 14    Spells: 14/14 levels left

rFire    . . .     SeeInvis .     - Unarmed
rCold    + . .     Faith    .   (no shield)
rNeg     + + +     Spirit   .   F - +15 Maxwell's patent armour {-Cast -Tele rElec MR+ rCorr}
rPois    ∞         Reflect  .   i - +2 helmet {Int+3}
rElec    +         Harm     .   (no cloak)
rCorr    +         Rampage  .   (no gloves)
MR       ++...     NoTele   +   (no boots) Stlth ..........NoCast +
                                b - amulet of Vitality {Regen+ HP+15}
HPRegen  0.00/turn              g - +4 ring of protection
MPRegen  0.14/turn              G - ring of Phasing {EV+8}

@: mighty, flying (expiring)
A: rotting body, claws 1, cold resistance 1, negative energy resistance 3,
inhibited regeneration, torment resistance, unbreathing
a: Minor Destruction, Lesser Servant of Makhleb, Major Destruction, Greater
Servant of Makhleb, Renounce Religion


You were in the Dungeon.
You worshipped Makhleb.
Makhleb was exalted by your worship.
You visited 1 branch

Inventory:

Missiles
 c - 3 throwing nets (quivered)
Armour
 i - a +2 helmet of intelligence (worn)
 F - the +15 Maxwell's patent armour (worn) {-Cast -Tele rElec MR+ rCorr}
   (You found it in the Dungeon)

   It insulates you from electricity.
   It affects your resistance to hostile enchantments.
   It prevents spellcasting.
   It prevents most forms of teleportation.
   It provides partial protection from all sources of acid and corrosion.
Jewellery
 b - the amulet of Vitality (around neck) {Regen+ HP+15}
   (You took it off an orc warrior in the Dungeon)

   [amulet of regeneration]

   It affects your health (+15).
   It increases your rate of regeneration.
 g - a +4 ring of protection (left claw)
 j - an uncursed ring of protection from cold
 k - an uncursed ring of ice
 n - the ring "Uvvu" {rF+ rC+ MR++ Dex+4}
   (You found it in the Dungeon)

   [ring of protection from fire]

   It affects your dexterity (+4).
   It protects you from fire.
   It protects you from cold.
   It affects your resistance to hostile enchantments.
 v - an uncursed ring of flight
 w - a +6 ring of dexterity
 x - a +6 ring of dexterity
 y - an uncursed ring of resist corrosion
 z - an uncursed amulet of reflection
 A - a +6 ring of strength
 B - a +6 ring of strength
 G - the ring of Phasing (right claw) {EV+8}
   (You found it in the Dungeon)

   [ring of evasion]

   It affects your evasion (+8).
 H - an uncursed ring of fire
Wands
 C - a wand of disintegration (7)
 D - a wand of iceblast (7)
 E - a wand of acid (7)
Scrolls
 h - 4 scrolls of blinking
 q - 8 scrolls of enchant armour
 r - 8 scrolls of fog
 s - 5 scrolls of identify
 t - 5 scrolls of remove curse
 u - 2 scrolls of fear
Potions
 d - 10 potions of curing
 e - a potion of heal wounds
 f - 4 potions of haste
 l - 2 potions of invisibility
 m - 4 potions of resistance
 o - 5 potions of stabbing
 p - 3 potions of might
Miscellaneous
 a - a tin of tremorstones (3/3)


   Skills:
 + Level 19.4 Fighting
 - Level 1.7 Throwing
 + Level 16.6 Armour
 + Level 16.8 Dodging
 * Level 26.4 Unarmed Combat


You had 14 spell levels left.
You didn't know any spells.
Your spell library was empty.

Dungeon Overview and Level Annotations

Branches:
Dungeon (1/1)

Altars:
Ashenzari
Cheibriados
Dithmenos
Elyvilon
Fedhas
Gozag
Hepliaklqana
Kikubaaqudgha
Makhleb
Nemelex Xobeh
Okawaru
Qazlal
Ru
Sif Muna
Trog
Uskayaw
Vehumet
Wu Jian
Xom
Yredelemnul
Zin
The Shining One
Beogh
Jiyva
Lugonu


Innate Abilities, Weirdness & Mutations

Your body is rotting away.
You thrive by killing the living.
You are immune to poison.
You have sharp fingernails.
Your flesh is cold resistant. (rC+)
You are immune to negative energy. (rN+++)
You do not regenerate when monsters are visible.
You are immune to unholy pain and torment.
You can survive without breathing.


Message History

The electric golem closely misses you.
The electric golem blinks!
The spriggan air mage completely misses you.
The storm dragon breathes lightning at you.
The bolt of lightning hits the electric golem.
The electric golem completely resists.
The bolt of lightning misses you.
The bolt of lightning misses the air elemental.
The storm dragon closely misses you. The storm dragon barely misses you.
The storm dragon tramples you but does no damage.
You hear an angry hiss.
You scratch the storm dragon but do no damage.
You claw the storm dragon!
The storm dragon is lightly wounded.
You are engulfed in raging winds.
The air elemental barely misses you.
A storm dragon comes into view.
The electric golem hits you but does no damage. x2
The electric golem misses you. The electric golem hits you.
* * * LOW HITPOINT WARNING * * *
The spriggan air mage waves its arms in wide circles.
The air twists around and violently strikes you in flight!
You die...

§§.§§...▓.............▓
..D......▓..........)))▓
........8▓..▓.......▓|)▓
........D......▓.▓▓▓.....▓▓▓)▓
......§§.§.....▓..▓.......▓..▓
........§§§§§§§▓.............▓
......§§§§§§§v§▓......©......▓
...▓....§§§▓88§▓▓▓▓▓▓▓▓▓▓▓▓▓▓▓
........§i§Di@§▓.....8©8.....▓
........§§§.D§E▓.).))::::[:..▓
.......©§8§§§§§▓..::))[)|:=..▓
▓▓▓▓▓▓▓▓▓▓▓▓▓▓▓▓.............▓
▓.............▓
▓........)|)..▓
▓.............▓
▓...........).▓
▓..▓.......▓.)▓


You could see 4 electric golems, 4 storm dragons, 2 spriggan air magi, an air
elemental and an insubstantial wisp.

Vanquished Creatures
  2 liches (D)
  2 nagarajas (D)
  A draconian knight (D)
  A draconian annihilator (D)
  2 very ugly things (D)
  2 ghouls (D)
  8 green draconians (D)
  A vampire knight (D)
  5 black draconians (D)
  2 white draconians (D)
  3 purple draconians (D)
  A yellow draconian (D)
  A red draconian (D)
  2 death oozes (D)
  A great orb of eyes (shapeshifter) (D)
  A great orb of eyes (D)
  2 vault guards (D)
  A yaktaur captain (D)
  An ice dragon (D)
  2 spriggan air magi (D)
  3 naga warriors (D)
  An anaconda (D)
  3 soul eaters (D)
  A fire crab (shapeshifter) (D)
  A skeletal warrior (D)
  A swamp dragon (shapeshifter) (D)
  2 necromancers (D)
  An orc knight (D)
  3 orc sorcerers (D)
  A cyclops (D)
  2 shining eyes (D)
  4 ugly things (D)
  3 guardian serpents (D)
  A naga mage (D)
  2 black mambas (D)
  An eye of devastation (D)
  A cane toad (shapeshifter) (D)
  A komodo dragon (shapeshifter) (D)
  A tormentor (D)
  A freezing wraith (D)
  2 yaktaurs (D)
  An ice devil (D)
  A wind drake (D)
  A jumping spider (D)
  6 merfolk (D)
  A slime creature (shapeshifter) (D)
  5 slime creatures (D)
  A dream sheep (shapeshifter) (D)
  An air elemental (D)
  A hippogriff (shapeshifter) (D)
  A spriggan (D)
  A redback (shapeshifter) (D)
  4 shadows (D)
  A vampire (D)
  A golden eye (shapeshifter) (D)
  A basilisk (shapeshifter) (D)
  A fire elemental (D)
  4 neqoxecs (D)
  A warg (D)
  4 hell hounds (D)
  3 water moccasins (D)
  9 orc warriors (D)
  2 ice beasts (D)
  3 black bears (D)
  2 ogres (D)
  2 wolves (D)
  3 centaurs (D)
  2 earth elementals (D)
  2 scorpions (D)
  4 wights (D)
  3 crimson imps (D)
  A quasit (D)
  An orc priest (D)
  3 jellies (D)
  An orc wizard (D)
  An iron imp (D)
  2 adders (D)
  2 white imps (D)
  3 oozes (D)
  A spectral adder (D)
  4 adder zombies (D)
  3 adder skeletons (D)
  A spectral bat (D)
  3 bat skeletons (D)
  3 bat zombies (D)
  3 ball pythons (D)
  A ball python skeleton (D)
  A ball python zombie (D)
  A giant cockroach zombie (D)
  A jackal skeleton (D)
  A leopard gecko skeleton (D)
  A leopard gecko zombie (D)
  A spectral giant cockroach (D)
188 creatures vanquished.

Vanquished Creatures (others)
  A shadow (D)
  A water elemental (D)
  An adder (D)
  A bat zombie (D)
4 creatures vanquished.

Grand Total: 192 creatures vanquished

Notes
Turn   | Place    | Note
-------+----------+-------------------------------------------
     0 | D        | HoaS the Ghoul Gladiator began the quest for the Orb.
     0 | D        | Reached XP level 1. HP: 17/17 MP: 0/0
     3 | D        | Found a blossoming altar of Fedhas.
     4 | D        | Found the +6 Majin-Bo {vamp, MP+6 Int+6}
     4 | D        | Found the +9 heavy crossbow "Sniper" {vorpal, Acc+∞ SInv}
     4 | D        | Found the +10 dark maul {vorpal}
     4 | D        | Found the +15 Maxwell's patent armour {-Cast -Tele rElec
                  | MR+ rCorr}
     4 | D        | Found the +18 shield of the Gong {rElec rN+ MR+ EV-5}
     4 | D        | Found the cursed +14 obsidian axe {vorpal, +Fly SInv
                  | *Curse}
     4 | D        | Found the +7 great mace "Firestarter" {inner flame, rF++}
     4 | D        | Found the +6 shillelagh "Devastator" {shatter}
     4 | D        | Found the +11 plutonium sword {*Contam Stlth-}
     4 | D        | Found the +8 lance "Wyrmbane" {slay drac, rPois rF+ rC+
                  | AC+3}
     4 | D        | Found the +9 sword of Zonguldrok {reap}
     4 | D        | Found the cursed +13 scythe of Curses {drain, *Curse}
     4 | D        | Found the +0 sword of Power
     4 | D        | Found the +7 mace of Variability {chain chaos}
     4 | D        | Found the +7 Singing Sword {vorpal, sonic wave}
     4 | D        | Found the +8 storm bow {elec, penet}
     6 | D        | Found a shimmering blue altar of Sif Muna.
     6 | D        | Found a sacrificial altar of Ru.
     6 | D        | Found a bloodstained altar of Trog.
     6 | D        | Found a stormy altar of Qazlal.
     6 | D        | Found an iron altar of Okawaru.
     6 | D        | Found a sparkling altar of Nemelex Xobeh.
     8 | D        | Found a transporter.
     8 | D        | Found an ancient bone altar of Kikubaaqudgha.
     8 | D        | Found a viscous altar of Jiyva.
     8 | D        | Found a corrupted altar of Lugonu.
     8 | D        | Found a hazy altar of Hepliaklqana.
     8 | D        | Found a burning altar of Makhleb.
     8 | D        | Found an opulent altar of Gozag.
   110 | D        | Became a worshipper of Makhleb the Destroyer
   135 | D        | Entered arena 2.
   135 | D        | Noticed a jelly
   135 | D        | Noticed a jelly
   135 | D        | Found a transporter.
   140 | D        | Killed a jelly
   140 | D        | Reached skill level 7 in Unarmed Combat
   140 | D        | Reached XP level 2. HP: 20/24 MP: 1/1
   140 | D        | Reached XP level 3. HP: 24/29 MP: 2/2
   144 | D        | Reached skill level 8 in Unarmed Combat
   144 | D        | Reached XP level 4. HP: 30/36 MP: 3/3
   190 | D        | Entered arena 3.
   190 | D        | Noticed a jumping spider
   190 | D        | Found a transporter.
   199 | D        | Killed a jumping spider
   199 | D        | Reached * piety under Makhleb
   199 | D        | Reached skill level 12 in Unarmed Combat
   199 | D        | Reached XP level 5. HP: 41/46 MP: 4/4
   199 | D        | Reached XP level 6. HP: 46/52 MP: 5/5
   208 | D        | Reached skill level 13 in Unarmed Combat
   218 | D        | Entered arena 4.
   218 | D        | Noticed a hell hound
   218 | D        | Found a transporter.
   223 | D        | Killed a hell hound
   223 | D        | Reached ** piety under Makhleb
   223 | D        | Reached skill level 5 in Fighting
   223 | D        | Reached XP level 7. HP: 61/61 MP: 6/6
   225 | D        | Reached skill level 5 in Dodging
   229 | D        | Reached *** piety under Makhleb
   253 | D        | Reached XP level 8. HP: 74/74 MP: 7/7
   254 | D        | Entered arena 5.
   254 | D        | Found a transporter.
   268 | D        | Reached **** piety under Makhleb
   277 | D        | Entered arena 6.
   277 | D        | Noticed a water elemental
   277 | D        | Noticed an orc sorcerer
   277 | D        | Found a transporter.
   283 | D        | Killed a water elemental
   288 | D        | Noticed a red devil
   288 | D        | Reached skill level 14 in Unarmed Combat
   291 | D        | Noticed an ice devil
   307 | D        | Killed an orc sorcerer
   307 | D        | Reached ***** piety under Makhleb
   307 | D        | Reached XP level 9. HP: 73/83 MP: 8/8
   356 | D        | Entered arena 7.
   356 | D        | Noticed a vault guard
   356 | D        | Noticed a vault guard
   356 | D        | Noticed a yaktaur captain
   356 | D        | Noticed a yaktaur
   356 | D        | Noticed a yaktaur
   356 | D        | Noticed a brown very ugly thing
   360 | D        | Found a transporter.
   370 | D        | Killed a brown very ugly thing
   370 | D        | Reached skill level 10 in Fighting
   370 | D        | Reached skill level 16 in Unarmed Combat
   383 | D        | Killed a vault guard
   383 | D        | Reached XP level 10. HP: 56/94 MP: 9/9
   390 | D        | Killed a vault guard
   394 | D        | Killed a yaktaur captain
   394 | D        | Reached skill level 10 in Dodging
   394 | D        | Reached skill level 17 in Unarmed Combat
   419 | D        | Entered arena 8.
   420 | D        | Found a transporter.
   431 | D        | Reached ****** piety under Makhleb
   432 | D        | Reached skill level 10 in Armour
   444 | D        | Got the ring "Uvvu" {rF+ rC+ MR++ Dex+4}
   452 | D        | Entered arena 9.
   452 | D        | Noticed a cane toad
   452 | D        | Noticed a red ugly thing
   452 | D        | Noticed a shining eye
   452 | D        | Noticed a purple ugly thing
   460 | D        | Killed a cane toad
   460 | D        | Reached skill level 18 in Unarmed Combat
   463 | D        | Reached XP level 11. HP: 96/104 MP: 10/10
   475 | D        | Killed a purple ugly thing
   480 | D        | Killed a purple ugly thing
   481 | D        | Found a transporter.
   492 | D        | Killed a shining eye
   513 | D        | Entered arena 10.
   514 | D        | Found a transporter.
   553 | D        | Entered arena 11.
   554 | D        | Identified the +9 quarterstaff of Gaufiuri {vorpal, rC+ MR-
                  | Stlth+}
   554 | D        | Identified the cursed +3 glaive of the Extremely Mad {holy,
                  | rF+++ rN+ Int-4}
   558 | D        | Found a transporter.
   570 | D        | Reached skill level 19 in Unarmed Combat
   603 | D        | Entered arena 12.
   603 | D        | Noticed an anaconda
   604 | D        | Found the ring of Phasing {EV+8}
   604 | D        | Noticed a nagaraja
   604 | D        | Noticed a naga warrior
   605 | D        | Found a transporter.
   615 | D        | Killed an anaconda
   624 | D        | Killed a nagaraja
   638 | D        | Killed a naga warrior
   638 | D        | Reached skill level 20 in Unarmed Combat
   638 | D        | Reached XP level 12. HP: 61/116 MP: 11/11
   842 | D        | Entered arena 13.
   842 | D        | Noticed a naga warrior
   843 | D        | Noticed a nagaraja
   851 | D        | Identified the +8 morningstar of an ossuary {vorpal, Int+8}
   851 | D        | Noticed a naga warrior
   870 | D        | Killed a nagaraja
   880 | D        | Killed a naga warrior
   892 | D        | Killed a naga warrior
   892 | D        | Reached skill level 21 in Unarmed Combat
   895 | D        | Found a transporter.
   914 | D        | Entered arena 14.
   920 | D        | Noticed a soul eater
   920 | D        | Noticed a ghoul
   935 | D        | Killed a ghoul
   944 | D        | Killed a soul eater
   947 | D        | Noticed a ghoul
   947 | D        | Noticed a soul eater
   947 | D        | Noticed a soul eater
   948 | D        | Found the +7 Spriggan's Knife {stab, EV+4 Stlth+}
   948 | D        | Found a transporter.
   965 | D        | Killed a soul eater
   965 | D        | Reached skill level 15 in Fighting
   978 | D        | Killed a ghoul
   992 | D        | Killed a soul eater
  1028 | D        | Entered arena 15.
  1035 | D        | Found the +10 zealot's sword {holy, *Rage rN+ EV+3}
  1035 | D        | Noticed an ice dragon
  1059 | D        | Killed an ice dragon
  1068 | D        | Reached XP level 13. HP: 127/127 MP: 12/12
  1079 | D        | Found a transporter.
  1091 | D        | Reached skill level 22 in Unarmed Combat
  1095 | D        | Got the ring of Dixyffydgh {+Inv rF+ Dex+4}
  1112 | D        | Entered arena 16.
  1118 | D        | Noticed a great orb of eyes
  1118 | D        | Noticed a death ooze
  1119 | D        | Found the +7 pair of quick blades "Gyre" and "Gimble"
                  | {protect}
  1127 | D        | Killed a death ooze
  1136 | D        | Killed a great orb of eyes
  1151 | D        | Noticed a death ooze
  1161 | D        | Killed a death ooze
  1173 | D        | Found a transporter.
  1196 | D        | Got the ring "Pinaogi" {rPois rN+ Int-4 Dex+4}
  1210 | D        | Entered arena 17.
  1219 | D        | Noticed a green very ugly thing
  1234 | D        | Killed a green very ugly thing
  1252 | D        | Noticed a fire dragon
  1252 | D        | a satyr changed into a fire dragon
  1256 | D        | Noticed a great orb of eyes
  1256 | D        | a fire dragon changed into a great orb of eyes
  1258 | D        | Killed a great orb of eyes
  1258 | D        | Reached skill level 23 in Unarmed Combat
  1289 | D        | Found a transporter.
  1292 | D        | Found the +9 staff of Wucad Mu {channel}
  1325 | D        | Entered arena 18.
  1374 | D        | Found the +3 Elemental Staff {rElec rF++ rC++ MR++ AC+5}
  1374 | D        | Identified the cursed +1 trident of Duty {flame, rF- MP+9
                  | SInv}
  1385 | D        | Identified the +5 scale mail "Aprunwur" {SInv}
  1445 | D        | Found a transporter.
  1510 | D        | Entered arena 19.
  1519 | D        | Noticed a vampire knight
  1519 | D        | Noticed a lich
  1520 | D        | Identified the +4 trident "Starlight" {speed, +Rage rC+ rN+
                  | Str+4}
  1545 | D        | Killed a lich
  1545 | D        | Reached skill level 15 in Dodging
  1545 | D        | Reached skill level 24 in Unarmed Combat
  1547 | D        | Reached XP level 14. HP: 140/140 MP: 13/13
  1563 | D        | Killed a vampire knight
  1568 | D        | Noticed a lich
  1577 | D        | Found a transporter.
  1585 | D        | Killed a lich
  1585 | D        | Reached skill level 15 in Armour
  1640 | D        | Entered arena 20.
  1652 | D        | Noticed a green draconian annihilator
  1652 | D        | Noticed a black draconian
  1652 | D        | Noticed a green draconian
  1652 | D        | Noticed a purple draconian
  1652 | D        | Noticed a green draconian
  1652 | D        | Noticed a red draconian
  1653 | D        | Identified the +3 mace "Saoqame" {vorpal, Int+5}
  1659 | D        | Noticed a black draconian
  1667 | D        | Killed a red draconian
  1668 | D        | Noticed a green draconian
  1675 | D        | Killed a green draconian
  1680 | D        | Killed a green draconian
  1683 | D        | Noticed a black draconian
  1686 | D        | Noticed a purple draconian
  1687 | D        | Noticed a black draconian
  1688 | D        | Killed a black draconian
  1694 | D        | Killed a black draconian
  1695 | D        | Noticed a black draconian
  1696 | D        | Noticed a green draconian
  1699 | D        | Noticed a green draconian
  1703 | D        | Noticed a white draconian
  1703 | D        | Noticed a white draconian
  1706 | D        | Noticed a green draconian
  1710 | D        | Noticed a green draconian
  1711 | D        | Killed a purple draconian
  1711 | D        | Reached skill level 25 in Unarmed Combat
  1716 | D        | Noticed a white draconian knight
  1720 | D        | Killed a black draconian
  1727 | D        | Killed a green draconian
  1729 | D        | HP: 6/159 [green draconian annihilator/crystal spear (85)]
  1735 | D        | Killed a green draconian annihilator
  1737 | D        | Killed a green draconian
  1745 | D        | Identified the +6 halberd of Fiuf {flame, rPois MR- Str+8
                  | Stlth+}
  1745 | D        | Noticed a green draconian
  1747 | D        | Killed a green draconian
  1754 | D        | Killed a white draconian knight
  1767 | D        | Killed a green draconian
  1775 | D        | Noticed a yellow draconian
  1778 | D        | Killed a green draconian
  1783 | D        | Killed a white draconian
  1791 | D        | Killed a black draconian
  1791 | D        | Noticed a purple draconian
  1797 | D        | Killed a green draconian
  1797 | D        | Reached skill level 26 in Unarmed Combat
  1809 | D        | Killed a yellow draconian
  1818 | D        | Killed a purple draconian
  1825 | D        | Killed a white draconian
  1839 | D        | Killed a purple draconian
  1848 | D        | Killed a black draconian
  1848 | D        | Reached XP level 15. HP: 102/152 MP: 14/14
  1941 | D        | Found a transporter.
  2006 | D        | Entered arena 21.
  2017 | D        | Noticed an electric golem
  2020 | D        | Noticed an electric golem
  2034 | D        | Noticed a storm dragon
  2037 | D        | Noticed an electric golem
  2038 | D        | Noticed an electric golem
  2045 | D        | Noticed a storm dragon
  2047 | D        | HP: 2/167 [electric golem (7)]
  2049 | D        | Noticed a storm dragon
  2050 | D        | Noticed a titan
  2057 | D        | Noticed a storm dragon
  2057 | D        | Killed from afar by a spriggan air mage

Illustrated notes

Levels and vault maps discovered:
D:        sprint_v [room_start, room_1, room_2, room_3, room_4, room_5, room_6,
          room_7, room_8, room_9, room_10, room_11, room_12, room_13, room_14,
          room_15, room_16, room_17, room_18, room_19, room_20, room_21,
          room_22, room_23, room_24, room_25, room_26, room_27]

Skill      XL: |  1  2  3  4  5  6  7  8  9 10 11 12 13 14 |
---------------+-------------------------------------------+-----
Unarmed Combat | 7 8 12 13 14 16 18 20 21 24 26 | 26.4
Fighting       | 3 5 7 9 10 12 13 15 17 19 | 19.4
Armour         | 2 3 6 7 8 10 11 13 14 16 | 16.6
Dodging        | 3 4 6 7 9 10 12 13 15 16 | 16.8
Throwing       | |  1.7

Action                   |  1- 3 |  4- 6 |  7- 9 | 10-12 | 13-15 || total
-------------------------+-------+-------+-------+-------+-------++-------
Melee: Unarmed           |     7 |    22 |    62 |   304 |   446 ||   841
       Punch             |       |     1 |     8 |    29 |    61 ||    99
  Use: Potion            |       |       |     1 |     1 |    12 ||    14
Armor: Plate armour      |     3 |    28 |    54 |   212 |   286 ||   583
Dodge: Dodged            |     5 |    14 |    44 |   274 |   511 ||   848
Block: Other             |       |       |       |    69 |    26 ||    95
       Reflection        |       |       |       |     5 |       ||     5

Table legend: (Time is in decaauts)
 A = Elapsed time spent in this place.
 B = Non-inter-level travel time spent in this place.
 C = Inter-level travel time spent in this place.
 D = Time resting spent in this place.
 E = Time spent auto-exploring this place.
 F = Levels seen in this place.
 G = Mean time per level.
                   A        B        C        D        E       F      G
               +--------+--------+--------+--------+--------+-----+--------+
         Total |   1687 |   1687 |      0 |    368 |      0 |   1 | 1687.0 |
       Dungeon |   1687 |   1687 |      0 |    368 |      0 |   1 | 1687.0 |
               +--------+--------+--------+--------+--------+-----+--------+

Top non-repeatable levels by time:
       D: 1687 daAuts
